 Dungeon Crawl Stone Soup version 0.25-a0-294-gea9b1ad378 (webtiles) character file.

Game seed: 14769218785647699888, levelgen mode: classic

112 Borgoz the Twirler (level 4, 0/26 HPs)
             Began as a Gargoyle Gladiator on Dec 18, 2019.
             Splashed by a jelly's acid (5 damage)
             ... on level 3 of the Dungeon.
             The game lasted 00:02:28 (1121 turns).

Borgoz the Twirler (Gargoyle Gladiator)             Turns: 1121, Time: 00:02:28

Health: 0/26       AC:  3    Str: 17    XL:     4   Next: 93%
Magic:  4/4        EV: 12    Int:  9    God:
Gold:   37         SH:  0    Dex: 12    Spells: 3/3 levels left

rFire    . . .     SeeInvis .   a - +0 quarterstaff
rCold    . . .     Gourm    .   (shield currently unavailable)
rNeg     + . .     Faith    .   g - +0 ring mail
rPois    ∞         Spirit   .   c - +0 helmet
rElec    +         Reflect  .   (no cloak)
rCorr    .         Harm     .   h - +0 pair of gloves
MR       .....                  (no boots)
Stlth    +.........             (no amulet)
HPRegen  0.08/turn              (no ring)
MPRegen  0.09/turn              (no ring)

@: corroded
A: negative energy resistance 1, electricity resistance, unbreathing,
petrification resistance, rot immunity, AC +3
a: no special abilities


You were on level 3 of the Dungeon.
You were not hungry.

You visited 1 branch of the dungeon, and saw 3 of its levels.

You collected 37 gold pieces.

Inventory:

Hand Weapons
 a - a +0 quarterstaff (weapon)
Missiles
 d - 2 throwing nets (quivered)
Armour
 c - a +0 helmet (worn)
 g - a +0 ring mail (worn)
 h - a +0 pair of gloves (worn)
Jewellery
 l - an uncursed amulet of the acrobat {unknown}
Scrolls
 i - a scroll of amnesia {unknown}
Potions
 e - a potion of brilliance {unknown}
 j - a potion of lignification {unknown}
 k - a potion of invisibility {unknown}
Comestibles
 b - 7 chunks of flesh
 f - 4 rations


   Skills:
 - Level 2.2 Fighting
 * Level 4.4 Staves
 - Level 1.7 Throwing
 + Level 2.1 Armour
 + Level 3.0 Dodging


You had 3 spell levels left.
You didn't know any spells.
Your spell library was empty.

Dungeon Overview and Level Annotations

Branches:
Dungeon (3/15)

Altars:


Innate Abilities, Weirdness & Mutations

You are resistant to torment.
Your stone body is resilient. (AC +3)
You are immune to poison.
You resist negative energy. (rN+)
You are resistant to electric shocks. (rElec)
You can survive without breathing.
You are immune to petrification.
You are immune to rotting.


Message History

The jelly misses you.
Your ring mail prevents you from hitting the jelly.
The jelly is heavily wounded.
The jelly misses you.
You hit the jelly.
Your hands burn!
The jelly is almost dead.
The jelly hits you. The acid corrodes you!
You are splashed with acid!
* * * LOW HITPOINT WARNING * * *
The jelly hits you but does no damage.
You barely miss the jelly.
The jelly is almost dead.
The jelly hits you but does no damage.
Throwing (i - inventory)
d - 3 throwing nets (quivered)
Press: ? - help, Shift-Dir - straight line, f - jelly
Aim: a jelly (almost dead)
You throw a throwing net. The throwing net hits the jelly.
The jelly is caught in the net!
The jelly is almost dead.
You hit the jelly but do no damage.
Your hands burn!
You die...

...# #### ... ...# +#
.... ##.###.# #.. ... .
#... #.# #.## #.#
##.#..####.###..### ...#
...#..#...........#....#
####)...#...#...#...# .#
#.....# #..|.@#
.###.....# #...#J#
......#..##+.....+
#####.#.#...##+##...#
..#...#)# .#...
########)# .. .. #÷# ...
#...# ... #..##+.


You could see a jelly (caught).

Vanquished Creatures
  2 adders (D:3)
  5 gnolls
  A worm (D:3)
  A dart slug (D:1)
  3 leopard geckos (D:1)
  An orc (D:3)
  A bat (D:1)
  4 giant cockroaches
  3 goblins
  3 hobgoblins
  3 jackals (D:1)
  A ball python (D:3)
  4 frilled lizards (D:1)
  4 kobolds
  4 rats
40 creatures vanquished.

Notes
Turn   | Place    | Note
-------+----------+-------------------------------------------
     0 | D:1      | Borgoz the Gargoyle Gladiator began the quest for the Orb.
     0 | D:1      | Reached XP level 1. HP: 12/12 MP: 1/1
    80 | D:1      | Reached XP level 2. HP: 17/17 MP: 2/2
   105 | D:1      | Reached skill level 1 in Armour
   440 | D:1      | Reached XP level 3. HP: 15/21 MP: 3/3
   965 | D:1      | Reached skill level 4 in Staves
   965 | D:1      | Reached XP level 4. HP: 25/26 MP: 4/4
  1121 | D:3      | Splashed by a jelly's acid

Levels and vault maps discovered:
D:1:      nzn_arrival_depleted_hourglass, layout_rooms, minivault_19,
          minmay_misc_feat_nine_boxes
D:2:      layout_basic, uniq_terence
D:3:      layout_basic, portal_sewer_entry_a, st_stairs_6,
          minmay_fractal_squares_diagonal_5

Skill      XL: |  1  2  3  4 |
---------------+-------------+-----
Armour         | 1 2 |  2.1
Staves         | 4 |  4.4
Dodging        | 3 |  3.0
Fighting       | |  2.2
Throwing       | |  1.7

Action                   |  1- 3 |  4- 6 || total
-------------------------+-------+-------++-------
Melee: Quarterstaff      |    88 |    53 ||   141
Throw: Throwing net      |       |     1 ||     1
  Use: Scroll            |       |     2 ||     2
  Eat: Chunk             |       |     1 ||     1
Armor: Leather armour    |    23 |       ||    23
       Ring mail         |    10 |    24 ||    34
Dodge: Dodged            |    55 |    26 ||    81

Table legend:
 A = Non-vault XP
 B = Vault XP
 C = Vault XP percentage of total XP
 D = Non-vault monster count
 E = Vault monster count
 F = Vault count percentage of total count
                 A         B        C        D         E       F
            +---------+---------+-------+---------+---------+-------
      Total |     130 |      30 |  18.8 |      36 |       4 |  10.0
            +---------+---------+-------+---------+---------+-------
        D:1 |      85 |       0 |   0.0 |      26 |       0 |   0.0
        D:2 |      22 |       0 |   0.0 |       6 |       0 |   0.0
        D:3 |      23 |      30 |  56.6 |       4 |       4 |  50.0
            +---------+---------+-------+---------+---------+-------
